 Dungeon Crawl Stone Soup version 0.28.0-47-ge53b351184 (webtiles) character file.

Game seed: 8051352941187973865

45 CryoSword the Grasshopper (level 3, 0/28 HPs)
             Began as a Demonspawn Warper on May 6, 2022.
             Slain by an adder (2 damage)
             ... on level 2 of the Dungeon.
             The game lasted 00:02:34 (2848 turns).

CryoSword the Grasshopper (Demonspawn Warper)       Turns: 2848, Time: 00:02:35

Health: 0/28       AC:  3    Str: 11 (13) XL:     3   Next: 42%
Magic:  6/6        EV: 11    Int: 11 (14) God:
Gold:   49         SH:  0    Dex: 11 (12) Spells: 6/6 levels left

rFire   . . .      SeeInvis .     - Unarmed
rCold   . . .      Faith    .   (no shield)
rNeg    . . .      Spirit   .   b - +0 leather armour
rPois   .          Reflect  .   (no helmet)
rElec   .          Harm     .   (no cloak)
rCorr   .          Rampage  .   (no gloves)
Will    .....                   (no boots)
Stlth   +.........              (no amulet)
HPRegen 0.09/turn               (no ring)
MPRegen 0.10/turn               (no ring)

@: lethally poisoned (0 -> -8)
A: claws 1, powered by pain 1
a: no special abilities


You were on level 2 of the Dungeon.
You visited 1 branch of the dungeon, and saw 2 of its levels.

You collected 49 gold pieces.

Inventory:

Missiles
 d - 5 boomerangs of dispersal (quivered) {!f}
Armour
 b - a +0 leather armour (worn)
Scrolls
 a - a scroll of teleportation {unknown}
 c - a scroll of blinking
 e - a scroll of amnesia {unknown}
 g - a scroll of noise {unknown}
 j - a scroll of identify {unknown}
 k - a scroll of fear {unknown}


   Skills:
 - Level 2.5 Fighting
 - Level 1.7 Axes
 - Level 0.8 Throwing
 - Level 0.8 Armour
 - Level 1.7 Dodging
 + Level 2.2 Unarmed Combat
 - Level 2.0 Spellcasting
 - Level 2.9 Translocations


You had 6 spell levels left.
You didn't know any spells.
Your spell library contained the following spells:

 Spells                   Type           Power      Damage    Failure   Level
 Blink                    Tloc           14%        N/A       19%         2
 Gell's Gravitas          Tloc           7%         N/A       34%         3
 Lesser Beckoning         Tloc           7%         N/A       34%         3
 Teleport Other           Tloc           7%         N/A       34%         3
 Summon Guardian Golem    Hex/Summ       1%         N/A       75%         3
 Manifold Assault         Tloc           7%         N/A       97%         5
 Orb of Destruction       Conj           0%         9d5       100%        7
 Spellforged Servitor     Conj/Summ      0%         N/A       100%        7


Dungeon Overview and Level Annotations

Branches:
Dungeon (2/15)

Altars:
Ru

Shops:
D:1 (


Innate Abilities, Weirdness & Mutations

You have sharp fingernails.
You sometimes gain a little power by taking damage.


Message History

A kobold comes into view. It is wielding a +0 dagger.
The kobold shouts!
You see here a +0 dagger.
A kobold is nearby!
A kobold is nearby!
A kobold is nearby!
The kobold hits you with a +0 dagger.
You barely miss the kobold.
An endoplasm comes into view.
The kobold hits you but does no damage.
The endoplasm quivers.
You scratch the kobold. The kobold hits you but does no damage.
You scratch the kobold.
You kill the kobold!
You see here a +0 dagger.
You scratch the endoplasm. The endoplasm barely misses you.
You barely miss the endoplasm. The endoplasm hits you.
You scratch the endoplasm.
The endoplasm hits you but does no damage.
You scratch the endoplasm.
You kill the endoplasm!
No target in view!
Found an escape hatch in the ceiling.
k - a scroll labelled UKAIPU DULU You now have 49 gold pieces (gained 9).
Found a sacrificial altar of Ru.
Found 20 stones.
A goblin comes into view. It is wielding a +0 club.
The goblin shouts!
A goblin comes into view. It is wielding a +0 quarterstaff.
There are monsters nearby!
There are monsters nearby!
There are monsters nearby!
Found a short sword.
The goblin shouts!
The goblin hits you with a +0 club.
You scratch the goblin. The goblin hits you but does no damage.
You closely miss the goblin. The goblin barely misses you.
The goblin hits you with a +0 quarterstaff!
You are too injured to fight recklessly!
You are too injured to fight recklessly!
You are too injured to fight recklessly!
You are too injured to fight recklessly!
You are too injured to fight recklessly!
You barely miss the goblin. The goblin hits you with a +0 club.
You scratch the goblin. The goblin hits you with a +0 club.
* * * LOW HITPOINT WARNING * * *
The goblin barely misses you. The goblin closely misses you.
You closely miss the goblin.
The goblin hits you with a +0 quarterstaff!
* * * LOW HITPOINT WARNING * * *
The goblin hits you with a +0 club.
* * * LOW HITPOINT WARNING * * *
Sorry, you're not good enough to have a special ability.
Unknown command.
You see here an adder corpse.
The teleport trap disappears.
The goblin disappears!
There is a stone staircase leading up here.
You climb upwards.
There is a stone staircase leading down here.
You start resting.
You climb downwards.
The goblin barely misses you.
There is a stone staircase leading up here.
You scratch the goblin but do no damage.
The goblin misses you.
You scratch the goblin but do no damage.
The goblin closely misses you.
You barely miss the goblin. The goblin hits you but does no damage.
You claw the goblin!
You kill the goblin!
You see here a +0 club.
There is a stone staircase leading up here.
Found a stone staircase leading down.
Found a stone staircase leading up.
There is a stone staircase leading down here.
A ball python comes into view.
Found a stone staircase leading up.
The ball python hisses angrily.
The ball python moves out of view.
A ball python is nearby!
The ball python bites you. The ball python closely misses you.
You scratch the ball python.
You kill the ball python!
No target in view!
No target in view!
Found a spear.
A hobgoblin comes into view.
Found a scroll labelled WIWKYU MEXAKK.
The hobgoblin shouts!
A bat comes into view.
There are monsters nearby!
There are monsters nearby!
An adder comes into view.
The adder hisses angrily.
Found 13 gold pieces.
You completely miss the adder. The adder bites you. The bat hits you.
The bat hits you. x2
The bat barely misses you. The bat barely misses you.
You scratch the bat.
You kill the bat!
The adder bites you but does no damage.
You miss the adder. The adder bites you.
You barely miss the adder. The adder misses you.
You scratch the adder. The adder closely misses you.
You closely miss the adder. The adder barely misses you.
The adder completely misses you.
You scratch the adder. The adder closely misses you.
You closely miss the adder. The adder barely misses you.
You scratch the adder but do no damage. The adder bites you.
You are poisoned.
The adder poisons you! The adder closely misses you.
You barely miss the adder. Your claw misses the adder.
You feel sick. The adder bites you.
* * * LOW HITPOINT WARNING * * *
You scratch the adder but do no damage.
You feel sick. The adder bites you.
* * * LOW HITPOINT WARNING * * *
You are more poisoned.
The adder poisons you!
It was a potion of cancellation.
You feel magically purged.
* * * LOW HITPOINT WARNING * * *
You feel sick. The adder closely misses you.
Unknown command.
It was a potion of degeneration.
There was something very wrong with that liquid.
You feel weakened.
You feel dopey.
You feel clumsy.
You feel sick. The adder completely misses you. The adder bites you.
* * * LOW HITPOINT WARNING * * *
You are more poisoned.
The adder poisons you!
It was a potion of curing.
You feel better. The adder bites you.
* * * LOW HITPOINT WARNING * * *
You are poisoned.
The adder poisons you!
You claw the adder!
You feel sick. The adder closely misses you.
You scratch the adder but do no damage.
You feel sick. The adder barely misses you.
You closely miss the adder.
You feel sick. The adder bites you.
* * * LOW HITPOINT WARNING * * *
You are lethally poisoned!
The adder poisons you! The adder bites you.
* * * LOW HITPOINT WARNING * * *
You closely miss the adder.
* * * LOW HITPOINT WARNING * * *
You feel very sick. The adder bites you.
You die...

######### #........ #####
#........ ### ##...##
#........
<.####.....########...?....
................$..........
....#.......# #####........
..........).###.@Sg........
#..#.#.....#....###........
####.........#### #........
##.......## #########
#.......# #.......#
##.....## ##...## #####


You could see an adder and a hobgoblin.

Vanquished Creatures
  An adder (D:2)
  A dart slug (D:1)
  5 ball pythons
  2 bats
  5 endoplasms
  4 goblins
  5 hobgoblins
  A quokka (D:1)
  A frilled lizard (D:1)
  3 kobolds
  2 rats (D:1)
  A bush (D:1)
31 creatures vanquished.

Notes
Turn   | Place    | Note
-------+----------+-------------------------------------------
     0 | D:1      | CryoSword the Demonspawn Warper began the quest for the
                  | Orb.
     0 | D:1      | Reached XP level 1. HP: 16/16 MP: 3/3
   439 | D:1      | Gained mutation: You have sharp fingernails. [demonic
                  | ancestry]
   439 | D:1      | Reached XP level 2. HP: 13/23 MP: 5/5
  1050 | D:1      | Found a faded altar of an unknown god.
  1118 | D:1      | Reached skill level 1 in Unarmed Combat
  1603 | D:1      | Found Nekisatt's Antique Weapon Emporium.
  2322 | D:2      | Gained mutation: You sometimes gain a little power by
                  | taking damage. [demonic ancestry]
  2322 | D:2      | Reached XP level 3. HP: 26/28 MP: 6/6
  2481 | D:2      | Found a sacrificial altar of Ru.
  2848 | D:2      | Slain by an adder

Illustrated notes

Levels and vault maps discovered:
D:1:      saegor_arrival_miasma, layout_loops_ring, serial_forest,
          infiniplex_forest_lined_room_2, infiniplex_forest_straight_2,
          infiniplex_forest_end_2, infiniplex_forest_zigzag_1,
          infiniplex_forest_lined_corner, infiniplex_forest_zigzag_1,
          infiniplex_forest_zigzag_1, infiniplex_forest_end_2, serial_shops,
          nicolae_shop_waterfront, basic_ecumenical_altar
D:2:      layout_rooms, basic_altar, kennysheep_generic_room_13

Skill      XL: |  1  2  3 |
---------------+----------+-----
Unarmed Combat | 1 2 |  2.2
Fighting       | |  2.5
Axes           | |  1.7
Throwing       | |  0.8
Armour         | |  0.8
Dodging        | |  1.7
Spellcasting   | |  2.0
Translocations | |  2.9

Action                   || total
-------------------------++-------
Melee: Hand axe          ||    19
       Unarmed           ||   294
       Punch             ||     8
  Use: Potion            ||     3
Armor: Leather armour    ||    28
Dodge: Dodged            ||    70
